 Dungeon Crawl Stone Soup version 0.28.0-53-g5a82cb258f (webtiles) character file.

Game seed: 4290890482561828847

65 MisterFreud the Covert (level 4, -5/41 HPs)
             Began as a Gnoll Delver on June 21, 2022.
             Asphyxiated
             ... on level 6 of the Dungeon.
             The game lasted 00:00:42 (354 turns).

MisterFreud the Covert (Gnoll Delver)                Turns: 354, Time: 00:00:42

Health: -5/41      AC:  3    Str: 12    XL:     4   Next: 13%
Magic:  5/5        EV: 13    Int: 11    God:
Gold:   26         SH:  0    Dex: 13    Spells: 5/5 levels left

rFire   . . .      SeeInvis .   a - +0 short sword
rCold   . . .      Faith    .   (no shield)
rNeg    . . .      Spirit   .   b - +0 leather armour
rPois   .          Reflect  .   (no helmet)
rElec   .          Harm     .   (no cloak)
rCorr   .          Rampage  .   (no gloves)
Will    .....                   (no boots)
Stlth   ++++......              (no amulet)
HPRegen 0.13/turn               (no ring)
MPRegen 0.09/turn               (no ring)

@: lethally poisoned (-5 -> -22), attractive
A: fangs 1, strong nose, distributed training
a: no special abilities


You were on level 6 of the Dungeon.
You visited 1 branch of the dungeon, and saw 2 of its levels.

You collected 26 gold pieces.

Inventory:

Hand Weapons
 a - a +0 short sword (weapon)
Armour
 b - a +0 leather armour (worn)
Wands
 g - a wand of digging (3)
Scrolls
 c - a scroll of fog
 d - a scroll of magic mapping
 e - 2 scrolls of fear
Potions
 f - a potion of haste


   Skills:
 + Level 6.6 Fighting
 + Level 4.6 Short Blades
 + Level 1.0 Long Blades
 + Level 1.0 Axes
 + Level 1.0 Maces & Flails
 + Level 1.0 Polearms
 + Level 1.0 Staves
 + Level 1.0 Slings
 + Level 1.0 Bows
 + Level 1.0 Crossbows
 + Level 1.0 Throwing
 + Level 1.0 Armour
 + Level 4.6 Dodging
 + Level 9.6 Stealth
 + Level 1.0 Shields
 + Level 1.0 Unarmed Combat
 + Level 1.0 Spellcasting
 + Level 0.8 Conjurations
 + Level 0.8 Hexes
 + Level 0.8 Summonings
 + Level 0.8 Necromancy
 + Level 0.8 Translocations
 + Level 0.8 Transmutations
 + Level 0.8 Fire Magic
 + Level 0.8 Ice Magic
 + Level 0.8 Air Magic
 + Level 0.8 Earth Magic
 + Level 0.8 Poison Magic
 + Level 1.1 Invocations
 + Level 1.0 Evocations


You had 5 spell levels left.
You didn't know any spells.
Your spell library contained the following spells:

 Spells                   Type           Power      Damage    Failure   Level
 Beastly Appendage        Tmut           4%         N/A       28%         1
 Wereblood                Tmut           2%         N/A       41%         2
 Ozocubu's Armour         Ice            2%         N/A       65%         3
 Spider Form              Tmut/Pois      2%         N/A       65%         3
 Ozocubu's Refrigeration  Ice            1%         4d5       100%        7


Dungeon Overview and Level Annotations

Branches:
Dungeon (6/15)
 Temple: D:4-7

Altars:
Ashenzari
Fedhas
Gozag
Trog


Innate Abilities, Weirdness & Mutations

You have very sharp teeth.
Your uncanny sense of smell can sniff out nearby items.
Your experience applies equally to all skills.


Message History

The kobold brigand is moderately wounded.
The kobold brigand hits you with a +0 whip!
You closely miss the kobold brigand.
The kobold brigand is moderately wounded.
The kobold brigand hits you with a +0 whip.
You hit the kobold brigand.
The kobold brigand is moderately wounded.
The kobold brigand barely misses you.
You barely miss the kobold brigand.
The kobold brigand is moderately wounded.
The kobold brigand barely misses you.
You hit the kobold brigand.
The kobold brigand is heavily wounded.
The kobold brigand hits you with a +0 whip!
You miss the kobold brigand. Your bite misses the kobold brigand.
The kobold brigand is heavily wounded.
The kobold brigand hits you with a +0 whip.
* * * LOW HITPOINT WARNING * * *
You miss the kobold brigand.
The kobold brigand is heavily wounded.
You puncture the kobold brigand! You punch the kobold brigand.
The kobold brigand is severely wounded.
The kobold brigand barely misses you.
You barely miss the kobold brigand.
The kobold brigand is severely wounded.
The kobold brigand hits you with a +0 whip.
* * * LOW HITPOINT WARNING * * *
It was a potion of attraction.
You feel attractive to monsters.
The kobold brigand hits you with a +0 whip.
* * * LOW HITPOINT WARNING * * *
The kobold is attracted toward you.
You open the door.
The kobold brigand completely misses you.
Found a robe.
Found a stone staircase leading down.
The kobold brigand throws a curare-tipped dart.
The curare-tipped dart hits you.
You are lethally poisoned!
You have difficulty breathing.
You die...

###...# ∆ #.....#
#..# #.....######..#
∆
#.........##..#####+
#....#+##.##..#.....
#.......#.#.........
####....#.#..>[...
########....#.#....#
...(........#.##@#
########.####.##.#
#.......##K#
#..##....#K#
#..##)...#K#
#..##....#K#
#..##....#§#
####........#.#
..............#


You could see a kobold brigand and 3 kobolds.

Vanquished Creatures
  A bullfrog (D:6)
1 creature vanquished.

Notes
Turn   | Place    | Note
-------+----------+-------------------------------------------
     0 | D:5      | Reached skill level 9 in Stealth
     0 | D:5      | MisterFreud the Gnoll Delver began the quest for the Orb.
     0 | D:5      | Reached XP level 1. HP: 23/23 MP: 1/1
    11 | D:6      | Noticed a bullfrog
    24 | D:6      | Killed a bullfrog
    25 | D:6      | Reached skill level 1 in Long Blades
    25 | D:6      | Reached skill level 1 in Axes
    25 | D:6      | Reached skill level 1 in Maces & Flails
    25 | D:6      | Reached skill level 1 in Polearms
    25 | D:6      | Reached skill level 1 in Staves
    25 | D:6      | Reached skill level 1 in Slings
    25 | D:6      | Reached skill level 1 in Bows
    25 | D:6      | Reached skill level 1 in Crossbows
    25 | D:6      | Reached skill level 1 in Throwing
    25 | D:6      | Reached skill level 1 in Armour
    25 | D:6      | Reached skill level 1 in Shields
    25 | D:6      | Reached skill level 1 in Unarmed Combat
    25 | D:6      | Reached skill level 1 in Spellcasting
    25 | D:6      | Reached skill level 1 in Invocations
    25 | D:6      | Reached skill level 1 in Evocations
    25 | D:6      | Reached XP level 2. HP: 7/29 MP: 1/3
    25 | D:6      | Reached XP level 3. HP: 8/35 MP: 1/4
    25 | D:6      | Reached XP level 4. HP: 10/41 MP: 1/5
   311 | D:6      | Noticed a kobold brigand
   354 | D:6      | Asphyxiated

Illustrated notes

Levels and vault maps discovered:
D:5:      layout_loops_cross, zin_angel, nicolae_overflow_hidden_temple,
          mainiacjoe_overflow_catwalk
D:6:      layout_basic, temple_fountains

Skill      XL: |  1 |
---------------+----+-----
Stealth        | |  9.6
Long Blades    | 1 |  1.0
Axes           | 1 |  1.0
Maces & Flails | 1 |  1.0
Polearms       | 1 |  1.0
Staves         | 1 |  1.0
Slings         | 1 |  1.0
Bows           | 1 |  1.0
Crossbows      | 1 |  1.0
Throwing       | 1 |  1.0
Armour         | 1 |  1.0
Shields        | 1 |  1.0
Unarmed Combat | 1 |  1.0
Spellcasting   | 1 |  1.0
Invocations    | 1 |  1.1
Evocations     | 1 |  1.0
Fighting       | |  6.6
Short Blades   | |  4.6
Dodging        | |  4.6
Conjurations   | |  0.8
Hexes          | |  0.8
Summonings     | |  0.8
Necromancy     | |  0.8
Translocations | |  0.8
Transmutations | |  0.8
Fire Magic     | |  0.8
Ice Magic      | |  0.8
Air Magic      | |  0.8
Earth Magic    | |  0.8
Poison Magic   | |  0.8

Action                   |  1- 3 |  4- 6 || total
-------------------------+-------+-------++-------
Melee: Short sword       |     8 |    21 ||    29
       Bite              |       |     2 ||     2
       Punch             |       |     1 ||     1
  Use: Potion            |       |     1 ||     1
Armor: Leather armour    |     1 |       ||     1
Dodge: Dodged            |     4 |    10 ||    14
